 Dungeon Crawl Stone Soup version 0.27.1-33-g824d729ab1 (webtiles) character file.

Game seed: 2033294423651552608

65618 raph the Arsonist (level 15, -4/107 HPs)
             Began as a Human Fire Elementalist on Dec 15, 2021.
             Was an Elder of Sif Muna.
             Slain by a two-headed ogre (5 damage)
             ... on level 2 of the Orcish Mines.
             The game lasted 01:23:46 (40365 turns).

raph the Arsonist (Human Fire Elementalist)        Turns: 40365, Time: 01:23:47

Health: -4/107     AC: 10    Str:  9    XL:     15   Next: 58%
Magic:  16/35      EV: 14    Int: 28    God:    Sif Muna [****..]
Gold:   1664       SH:  6    Dex: 13    Spells: 5/29 levels left

rFire    + + .     SeeInvis .   b - staff of conjuration
rCold    + . .     Faith    .   h - +1 buckler
rNeg     . . .     Spirit   .   H - +1 leather armour {rF+}
rPois    .         Reflect  .   u - +1 helmet
rElec    .         Harm     .   q - scarf {rC+ rF+}
rCorr    .         Rampage  .   w - +1 pair of gloves {archery}
Will     +....                  v - +0 pair of boots
Stlth    ++........             (no amulet)
HPRegen  0.27/turn              r - +6 ring of intelligence
MPRegen  0.24/turn              K - ring of magical power

@: studying Axes
A: subdued magic 1
a: Renounce Religion, Channel Magic, Forget Spell, Divine Exegesis


You were on level 2 of the Orcish Mines.
You worshipped Sif Muna.
Sif Muna was greatly pleased with you.
You visited 4 branches of the dungeon, and saw 19 of its levels.

You collected 1894 gold pieces.
You spent 230 gold pieces at shops.

Inventory:

Hand Weapons
 a - a +4 dagger of pain
 e - a +1 vorpal short sword
 n - a +0 fustibalus
 D - a +0 rapier of flaming
Missiles
 l - 11 curare-tipped darts
 m - 4 throwing nets
Armour
 h - a +1 buckler (worn)
 i - a +0 troll leather armour
 q - a scarf of resistance (worn)
 u - a +1 helmet (worn)
 v - a +0 pair of boots (worn)
 w - a +1 pair of gloves of archery (worn)
 z - a +0 cloak
 H - a +1 leather armour of fire resistance (worn)
 J - a +0 robe
 N - +0 fire dragon scales
Magical Staves
 b - a staff of conjuration (weapon)
 P - a staff of earth
Jewellery
 r - a +6 ring of intelligence (left hand)
 t - a ring of willpower
 E - a +6 ring of strength
 K - a ring of magical power (right hand)
 O - a ring of magical power
 Q - a +6 ring of intelligence
 R - a +6 ring of dexterity
Wands
 d - a wand of iceblast (3)
 y - a wand of polymorph (5)
 F - a wand of flame (28)
 L - a wand of paralysis (15)
Scrolls
 k - 4 scrolls of amnesia
 A - 3 scrolls of magic mapping
 C - 3 scrolls of teleportation
 S - a scroll of identify
Potions
 c - 6 potions of curing
 f - 4 potions of attraction
 g - 4 potions of might
 j - 2 potions of cancellation {unknown}
 o - a potion of resistance {unknown}
 p - 4 potions of degeneration {unknown}
 s - 9 potions of ambrosia
 x - 2 potions of flight {unknown}
 B - a potion of brilliance {unknown}
 M - 3 potions of lignification
Miscellaneous
 I - a box of beasts


   Skills:
 - Level 6.7 Fighting
 * Level 8.4 Short Blades
 + Level 4.8 Armour
 + Level 7.4 Dodging
 - Level 4.0 Stealth
 - Level 4.0 Shields
 + Level 7.6 Spellcasting
 * Level 11.3 Conjurations
 - Level 0.5 Summonings
 - Level 7.9 Necromancy
 + Level 12.7 Fire Magic
 * Level 10.0 Invocations


You had 5 spell levels left.
You knew the following spells:

 Your Spells              Type           Power      Damage    Failure   Level
a - Foxfire               Conj/Fire      100%       2x1d9     1%          1
b - Conjure Flame         Conj/Fire      74%        6-21      1%          3
c - Sticky Flame          Conj/Fire      74%        2d9       1%          4
d - Fireball              Conj/Fire      37%        3d15      1%          5
e - Summon Small Mammal   Summ           40%        N/A       4%          1
f - Animate Skeleton      Necr           84%        N/A       1%          1
g - Inner Flame           Hex/Fire       35%        N/A       1%          3
h - Swiftness             Air            8%         N/A       17%         3
i - Stone Arrow           Conj/Erth      98%        3d13      1%          3

Your spell library contained the following spells:

 Spells                   Type           Power      Damage    Failure   Level
 Shock                    Conj/Air       100%       1d9       1%          1
 Sublimation of Blood     Necr           21%        N/A       1%          2
 Apportation              Tloc           16%        N/A       5%          1
 Corona                   Hex            8%         N/A       5%          1
 Freeze                   Ice            32%        1d5       5%          1
 Passwall                 Tmut/Erth      6%         N/A       8%          2
 Wereblood                Tmut           8%         N/A       8%          2
 Summon Guardian Golem    Hex/Summ       9%         N/A       16%         3
 Summon Ice Beast         Ice/Summ       9%         N/A       47%         4
 Airstrike                Air            4%         N/A       50%         4
 Cause Fear               Hex            4%         N/A       50%         4
 Orb of Destruction       Conj           36%        9d13      43%         7
 Spellforged Servitor     Conj/Summ      25%        N/A       99%         7
 Summon Hydra             Summ           5%         N/A       100%        7
 Discord                  Hex            4%         N/A       100%        8
 Polar Vortex             Ice            4%         N/A       100%        9


Dungeon Overview and Level Annotations

Branches:
Dungeon (10/15)            Temple (1/1) D:5            Lair (6/6) D:9
  Swamp (0/4) Lair:2        Snake (0/4) Lair:4        Slime (0/5) Lair:6
    Orc (2/2) D:10
    Elf: Orc:2

Altars:
Ashenzari
Cheibriados
Dithmenos
Elyvilon
Fedhas
Gozag
Hepliaklqana
Kikubaaqudgha
Makhleb
Nemelex Xobeh
Okawaru
Qazlal
Ru
Sif Muna
Trog
Uskayaw
Vehumet
Wu Jian
Xom
Yredelemnul
Zin
The Shining One
Jiyva

Shops:
D:6 [   D:10 ([

Portals:
Trove: D:10 (give 12 potions of heal wounds)

Annotations:
Lair:2 3 runed translucent doors, PanSaczeczos's ghost, journeyman GrWn
Lair:6 1 runed translucent door


Innate Abilities, Weirdness & Mutations

Your spells are a little easier to cast, but a little less powerful.


Message History

The two-headed ogre burns!
The ogre burns!
You kill the ogre!
Sif Muna accepts your kill.
The two-headed ogre burns!
The two-headed ogre misses you.
The two-headed ogre hits you with a +0 giant spiked club.
* * * LOW HITPOINT WARNING * * *
The two-headed ogre burns!
You kill the two-headed ogre!
Sif Muna accepts your kill.
You see here 24 gold pieces.
Casting: Sticky Flame (safe; 1% risk of failure)
Confirm with . or Enter, or press ? or * to list all spells.
Aiming: Fireball (mildly dangerous; 1% risk of failure)
Press: ? - help, Shift-Dir - straight line, f - two-headed ogre
Aim: a two-headed ogre, wielding a +0 giant club and a +0 giant spiked club You feel a surge of power!
The fireball explodes!
The fireball engulfs the two-headed ogre!!
The two-headed ogre is severely wounded.
The fireball engulfs something!
You hear a shout!
Something hits you.
* * * LOW HITPOINT WARNING * * *
Okay, then.
Something barely misses you.
The orc priest shouts!
The two-headed ogre shouts in stereo!
You hear two shouts!
You hear a shout!
You are confused.
You feel invigorated.
The orc warrior shouts!
The two-headed ogre barely misses you.
The two-headed ogre hits you with a +0 giant spiked club!
* * * LOW HITPOINT WARNING * * *
You bump into the rock wall.
You feel less invigorated.
You feel less confused.
The orc priest invokes the aid of Beogh against you.
Beogh smites you!
* * * LOW HITPOINT WARNING * * *
The two-headed ogre hits you with a +0 giant club.
You die...

...........
##.........## ..
#...........#
#..##..........#
#.............#
##.#.........
##.............# .## .
............@.# ...## #.
#..........O.## ....#
...#........#.#####....#
..O........OOo.##.....#
..O..).....[).$.....#
.###.O.....o........##
.#.##...<....[[......#
.)[.#O........[.....##
O)O[O........))...#.###


You could see 2 two-headed ogres, an ogre mage, an orc warrior and an orc
priest.

Vanquished Creatures
  An orc warlord (D:10)
  6 hydras
  Fannar (Lair:3)
  A catoblepas (Lair:6)
  The ghost of Jazqba the Cleaver, a novice HOGl of Makhleb (D:9)
  7 two-headed ogres
  A deep troll shaman (Lair:6)
  16 death yaks
  A lindwurm (Lair:6)
  2 bog bodies (Lair:2)
  Pikel (D:8)
  3 orc knights
  3 orc sorcerers
  4 elephants (Lair:6)
  4 black mambas
  15 cane toads
  10 komodo dragons
  13 rime drakes
  5 polar bears
  Grinder (D:4)
  4 trolls
  A hornet (D:9)
  A queen bee (D:9)
  11 blink frogs
  6 slime creatures (D:9)
  9 wyverns
  A wraith (D:6)
  2 shadows
  4 basilisks
  50 yaks
  3 neqoxecs (D:9)
  3 wargs (Orc:1)
  2 swamp worms (Lair:2)
  A naga (Lair:4)
  12 water moccasins
  19 orc warriors
  An ice beast (D:5)
  A hornet zombie (D:6)
  A sky beast (D:3)
  4 black bears
  A centaur (D:10)
  18 ogres
  14 wolves
  A phantom (D:6)
  A gnoll sergeant (Orc:2)
  7 bullfrogs
  3 scorpions (D:4)
  2 water moccasin zombies
  A wyvern skeleton (D:7)
  2 water moccasin skeletons
  26 killer bees
  3 howler monkeys
  4 electric eels
  2 quasits (D:9)
  2 jellies
  A bullfrog zombie (D:6)
  A centaur zombie (D:9)
  6 hounds
  13 orc priests
  2 centaur skeletons
  2 gnoll shamans
  15 orc wizards
  6 hell rats
  A killer bee zombie (D:8)
  A hound skeleton (D:4)
  A mummy (D:4)
  A howler monkey zombie (D:9)
  4 adders
  18 gnolls
  A howler monkey skeleton (D:5)
  2 shadow imps
  2 white imps (D:5)
  2 ufetubi (D:6)
  A dart slug (D:5)
  61 orcs
  3 endoplasms
  3 giant cockroaches
  8 hobgoblins
  4 jackals
  6 kobolds
  5 quokkas
  8 ball pythons
  3 bats
  4 frilled lizards
  7 goblins
  A goblin zombie (D:4)
  A kobold zombie (D:4)
  8 rats
521 creatures vanquished.

Vanquished Creatures (collateral kills)
  A yak (Lair:6)
  An orc (Orc:1)
  5 foxfires (D:2)
7 creatures vanquished.

Vanquished Creatures (others)
  A butterfly (Lair:4)
  712 foxfires
  40 fungi
  93 plants
846 creatures vanquished.

Grand Total: 1374 creatures vanquished

Notes
Turn   | Place    | Note
-------+----------+-------------------------------------------
     0 | D:1      | raph the Human Fire Elementalist began the quest for the
                  | Orb.
     0 | D:1      | Reached XP level 1. HP: 13/13 MP: 3/3
   107 | D:1      | Found a faded altar of an unknown god.
   347 | D:1      | Reached XP level 2. HP: 14/19 MP: 0/5
  1176 | D:1      | Reached skill level 4 in Fire Magic
  1176 | D:1      | Reached XP level 3. HP: 23/24 MP: 3/6
  1180 | D:1      | Learned a level 3 spell: Conjure Flame
  2005 | D:2      | Reached XP level 4. HP: 30/30 MP: 1/7
  2396 | D:2      | Found an ornate altar of the Wu Jian Council.
  3248 | D:2      | Reached XP level 5. HP: 35/35 MP: 3/8
  3572 | D:3      | Learned a level 4 spell: Sticky Flame
  3734 | D:3      | Noticed a sky beast
  3752 | D:3      | Killed a sky beast
  3753 | D:3      | Reached skill level 1 in Shields
  3753 | D:3      | Reached skill level 5 in Fire Magic
  3753 | D:3      | Reached XP level 6. HP: 8/41 MP: 1/10
  4893 | D:4      | Noticed Grinder
  5299 | D:4      | Noticed an ogre
  5321 | D:4      | Killed an ogre
  5322 | D:4      | Reached XP level 7. HP: 46/46 MP: 7/11
  5335 | D:4      | Reached skill level 6 in Fire Magic
  5535 | D:4      | Paralysed by Grinder for 5 turns
  5547 | D:4      | Killed Grinder
  5574 | D:4      | Found a stormy altar of Qazlal.
  5802 | D:4      | Reached XP level 8. HP: 52/52 MP: 7/13
  5972 | D:4      | Learned a level 5 spell: Fireball
  6623 | D:5      | Entered Level 5 of the Dungeon
  6702 | D:5      | Found a staircase to the Ecumenical Temple.
  6714 | Temple   | Entered the Ecumenical Temple
  7008 | Temple   | Became a worshipper of Sif Muna the Loreminder
  7071 | D:5      | Reached skill level 7 in Fire Magic
  8262 | D:5      | Identified a scroll of acquirement
  8262 | D:5      | Acquired a scarf of resistance
  8394 | D:5      | Found a sparkling altar of Nemelex Xobeh.
  8564 | D:6      | Reached skill level 8 in Fire Magic
  8580 | D:5      | HP: 1/52 [orc warrior (11)]
  8888 | D:5      | Reached XP level 9. HP: 36/57 MP: 2/14
  9156 | D:6      | Reached skill level 5 in Conjurations
  9654 | D:6      | Found Cagiej's Armour Boutique.
  9682 | D:6      | Reached skill level 9 in Fire Magic
  9946 | D:6      | Bought a +0 pair of boots for 49 gold pieces
  9946 | D:6      | Bought a +1 pair of gloves of archery for 181 gold pieces
 10511 | D:6      | You fall into a shaft and drop 1 floor!
 10533 | D:7      | Identified the +4 shortbow "Juazul" {flame, rF- MP+9 Dex+9
                  | Stlth-}
 11181 | D:7      | Reached skill level 10 in Fire Magic
 11186 | D:7      | Reached * piety under Sif Muna
 11473 | D:7      | Learned a level 1 spell: Summon Small Mammal
 12041 | D:6      | Reached XP level 10. HP: 63/63 MP: 4/15
 12847 | D:8      | Found a shimmering altar of Xom.
 12956 | D:8      | Reached skill level 1 in Fighting
 12956 | D:8      | Reached skill level 1 in Invocations
 13297 | D:8      | Noticed Pikel
 13300 | D:8      | Killed Pikel
 14113 | D:9      | Noticed a two-headed ogre
 14117 | D:9      | Killed a two-headed ogre
 14242 | D:9      | Reached skill level 11 in Fire Magic
 15462 | D:9      | Reached XP level 11. HP: 74/74 MP: 6/18
 15777 | D:9      | Found a transporter.
 15784 | D:9      | Noticed Jazqba's ghost (novice HOGl)
 15798 | D:9      | Found a transporter.
 16277 | D:9      | Reached skill level 5 in Spellcasting
 16421 | D:9      | Reached ** piety under Sif Muna
 16798 | D:9      | Learned a level 1 spell: Animate Skeleton
 16958 | D:9      | Found a staircase to the Lair.
 17447 | D:10     | Entered Level 10 of the Dungeon
 17523 | Lair:1   | Entered Level 1 of the Lair of Beasts
 17539 | Lair:1   | Reached skill level 1 in Necromancy
 17791 | Lair:1   | Reached skill level 1 in Short Blades
 18332 | Lair:1   | Reached skill level 5 in Invocations
 18333 | Lair:1   | Reached XP level 12. HP: 83/83 MP: 13/20
 18534 | Lair:1   | Noticed a six-headed hydra
 18540 | Lair:1   | Killed a six-headed hydra
 19143 | Lair:1   | Learned a level 3 spell: Inner Flame
 19376 | Lair:2   | Noticed a five-headed hydra
 19376 | Lair:2   | Noticed PanSaczeczos's ghost (journeyman GrWn)
 19390 | Lair:2   | Reached skill level 5 in Dodging
 19833 | Lair:2   | Reached skill level 12 in Fire Magic
 19984 | Lair:2   | Found a staircase to the Swamp.
 20105 | Lair:2   | Learned a level 3 spell: Swiftness
 20110 | Lair:2   | Found a runed translucent gate.
 20111 | Lair:2   | Found a runed translucent gate.
 20550 | Lair:2   | Found a runed translucent gate.
 20551 | Lair:2   | Noticed a catoblepas
 21346 | Lair:3   | Noticed a death yak
 21349 | Lair:3   | Noticed a death yak
 21350 | Lair:3   | Noticed a death yak
 21351 | Lair:3   | Noticed a death yak
 21351 | Lair:3   | Noticed a death yak
 21352 | Lair:3   | Killed a death yak
 21353 | Lair:3   | Reached skill level 5 in Fighting
 21353 | Lair:3   | Reached skill level 1 in Armour
 21353 | Lair:3   | Noticed a death yak
 21359 | Lair:3   | Noticed an eight-headed hydra
 21361 | Lair:3   | Killed a death yak
 21374 | Lair:3   | Killed a death yak
 21375 | Lair:3   | Reached XP level 13. HP: 85/91 MP: 22/22
 21472 | Lair:2   | HP: 3/91 [wolf (8)]
 21481 | Lair:2   | Reached skill level 5 in Necromancy
 23088 | Lair:3   | Noticed Fannar
 23092 | Lair:3   | Killed Fannar
 23093 | Lair:3   | Reached skill level 5 in Short Blades
 23521 | Lair:3   | Killed an eight-headed hydra
 24118 | Lair:4   | Reached *** piety under Sif Muna
 25011 | Lair:4   | Noticed a six-headed hydra
 25140 | Lair:4   | Found a staircase to the Snake Pit.
 25850 | Lair:3   | Killed a six-headed hydra
 25863 | Lair:3   | Reached skill level 10 in Conjurations
 26275 | Lair:4   | Reached XP level 14. HP: 99/99 MP: 24/24
 28316 | Lair:5   | Reached **** piety under Sif Muna
 28861 | Lair:5   | Identified the +0 lajatang of Imbalance {drain, Drain rElec
                  | rC+ Stlth+}
 29083 | Lair:6   | Entered Level 6 of the Lair of Beasts
 30879 | Lair:6   | Found a runed translucent door.
 30879 | Lair:6   | Noticed an azure jelly
 30880 | Lair:6   | Found a viscous altar of Jiyva.
 33159 | Lair:6   | Reached XP level 15. HP: 106/106 MP: 23/25
 33495 | Lair:6   | Noticed an azure jelly
 33497 | Lair:6   | Found a staircase to the Slime Pits.
 34151 | D:9      | Gained mutation: Your spells are a little easier to cast,
                  | but a little less powerful. [a neqoxec]
 34161 | D:9      | Killed Jazqba's ghost
 34774 | D:10     | Found Retinn's Armour Emporium.
 34774 | D:10     | Found a staircase to the Orcish Mines.
 34774 | D:10     | Found Gutocwil's Weapon Emporium.
 35353 | D:10     | Found a blossoming altar of Fedhas.
 35577 | D:10     | Found a portal to a secret trove of treasure.
 35884 | Orc:1    | Entered Level 1 of the Orcish Mines
 37133 | Orc:1    | Noticed an orc warlord
 37779 | D:10     | Killed an orc warlord
 37916 | D:10     | Reached ***** piety under Sif Muna
 37986 | Orc:1    | Received a gift from Sif Muna
 37987 | Orc:1    | Got Sif Muna's Incunabulum of Earth and Cold {god gift}
 37992 | Orc:1    | Learned a level 3 spell: Stone Arrow
 38432 | Orc:1    | Paralysed by an orc sorcerer for 7 turns
 38719 | Orc:2    | Entered Level 2 of the Orcish Mines
 39769 | Orc:2    | Paralysed by an ogre mage for 3 turns
 40029 | Orc:1    | Reached skill level 10 in Invocations
 40363 | Orc:2    | HP: 4/107 [two-headed ogre (16)]
 40365 | Orc:2    | HP: 1/107 [orc priest/divine providence (12)]
 40365 | Orc:2    | Slain by a two-headed ogre

Illustrated notes

Levels and vault maps discovered:
D:1:      wander_arrival_lonely_grave, layout_basic, basic_ecumenical_altar,
          minmay_door_square
D:2:      wad_woods_pond, layout_basic, basic_altar
D:3:      layout_loops_ring
D:4:      layout_rooms, amcnicky_altar_gilded, nicolae_ossuary_entry_giza,
          lemuel_another_geyser, uniq_grinder
D:5:      layout_basic, nemelex_diamond_rough_becter,
          minmay_temple_entry_mini_moons
D:6:      layout_basic, serial_shops, nicolae_inconvenience_store,
          minmay_starry_boxes
D:7:      layout_rooms
D:8:      layout_loops_corners, lemuel_doored_altar, uniq_pikel
D:9:      layout_roguey, lair_entry_dummy, special_room [special_room_bee],
          serial_rivers, chequers_serial_rivers_marsh,
          chequers_serial_rivers_micro_c, chequers_serial_rivers_micro_a,
          chequers_serial_rivers_micro_d, chequers_serial_rivers_micro_d,
          gammafunk_ghost_stat_death, grunt_decor_fettered,
          kennysheep_cluttered_room, minmay_misc_feat_room,
          minmay_misc_feat_cross
D:10:     layout_cave_pods, nicolae_overflow_crystal_walls, orc_david_3,
          enter_trove_6
Temple:   dpeg_five_rooms_temple
Lair:1:   layout_cellular_growth, chequers_serial_rivers_marsh, st_stairs_12,
          grunt_megastairs_1, lemuel_fruit_tree
Lair:2:   layout_gridlike, nicolae_swamp_entry_splash_gauntlet,
          gammafunk_ghost_split
Lair:3:   layout_cave_pods, lemuel_fruit_fields, uniq_fannar
Lair:4:   layout_gridlike, guppyfry_snake_entry_garden, special_room
          [special_room_mythical_zoo], serial_bayou_shore_a
Lair:5:   layout_regular_city, chequers_serial_rivers_small_3,
          beast_lair_carwin_7
Lair:6:   grunt_lair_end_beastmaster, layout_small_grid, slime_altar_2
Orc:1:    layout_caves
Orc:2:    st_orc_ogre_mass, layout_caves, uniq_nessos

Skill      XL: |  1  2  3  4  5  6  7  8  9 10 11 12 13 14 15 |
---------------+----------------------------------------------+-----
Fire Magic     | 4 5 6 8 10 11 12 | 12.7
Shields        | 1 2 4 |  4.0
Conjurations   | 2 3 4 6 7 8 9 10 11 | 11.3
Spellcasting   | 3 4 5 6 7 |  7.6
Fighting       | 2 4 5 6 |  6.7
Invocations    | 3 5 6 8 9 10 | 10.0
Dodging        | 3 4 5 6 7 |  7.4
Necromancy     | 2 4 6 7 |  7.9
Short Blades   | 2 4 6 7 8 |  8.4
Armour         | 1 3 4 |  4.8
Stealth        | 3 4 |  4.0
Summonings     | |  0.5

Action                   |  1- 3 |  4- 6 |  7- 9 | 10-12 | 13-15 || total
-------------------------+-------+-------+-------+-------+-------++-------
Melee: Unarmed           |     2 |       |       |       |       ||     2
       Staff             |     9 |    10 |       |       |    21 ||    40
       Short sword       |       |     1 |    46 |    24 |       ||    71
       Dagger            |       |       |       |    23 |   134 ||   157
Throw: Dart              |       |     1 |       |       |       ||     1
 Cast: Foxfire           |    61 |    96 |   169 |    47 |    55 ||   428
       Conjure Flame     |     1 |       |    13 |    11 |     3 ||    28
       Sticky Flame      |       |       |    17 |    56 |   106 ||   179
       Fireball          |       |       |     4 |   105 |   255 ||   364
       Inner Flame       |       |       |       |     3 |    35 ||    38
       Swiftness         |       |       |       |       |     6 ||     6
       Animate Skeleton  |       |       |       |       |    42 ||    42
       Summon Small Mamm |       |       |       |       |     1 ||     1
Invok: Channel Magic     |       |       |       |     6 |     7 ||    13
Evoke: Box of beasts     |       |       |       |       |     1 ||     1
       Wand              |       |       |       |       |     5 ||     5
  Use: Scroll            |       |     4 |     5 |    11 |     8 ||    28
       Potion            |       |       |       |     1 |     9 ||    10
 Stab: Sleeping          |       |       |       |       |     1 ||     1
Armor: Robe              |     9 |     4 |    22 |     3 |       ||    38
       Leather armour    |       |       |       |    37 |   130 ||   167
Dodge: Dodged            |    31 |    19 |    78 |    66 |   244 ||   438
Block: Buckler           |     2 |     7 |    35 |    43 |   107 ||   194
